 Dungeon Crawl Stone Soup version 0.30-a0-1053-gbd8d5ba0ad (webtiles) character file.

Game seed: 12008501015415828947

77 retardedninja the Trooper (level 4, -2/42 HPs)
             Began as a Naga Fighter on Apr 11, 2023.
             Slain by Sigmund
             ... wielding a +0 scythe
              (7 damage)
             ... on level 2 of the Dungeon.
             The game lasted 00:01:24 (956 turns).

retardedninja the Trooper (Naga Fighter)             Turns: 956, Time: 00:01:25

Health: -2/42      AC:  5    Str: 21    XL:     4   Next: 33%
Magic:  4/4        EV:  7    Int:  8    God:
Gold:   81         SH:  4    Dex: 10    Spells: 3/3 levels left

rFire   . . .      SeeInvis +    a - +0 war axe
rCold   . . .      Faith    .    c - +0 buckler
rNeg    . . .      Spirit   .    b - +0 scale mail
rPois   +          Reflect  .    (no helmet)
rElec   .          Rampage  .    (no cloak)
rCorr   .                        (no gloves)
Will    .....                    (no barding) Stlth
                                 (no amulet)
HPRegen 0.27/turn                (no ring)
MPRegen 0.09/turn                (no ring)

@: mighty, very slow
A: AC +1, large, see invisible, deformed body, poison resistance, slowness 2,
spit poison 1, naga tail 1
a: Spit Poison


You were on level 2 of the Dungeon.
You visited 1 branch of the dungeon, and saw 2 of its levels.

You collected 81 gold pieces.

Inventory:

Hand Weapons
 a - a +0 war axe (weapon)
Armour
 b - a +0 scale mail (worn)
 c - a +0 buckler (worn)
Jewellery
 e - a ring of fire
Scrolls
 g - a scroll of blinking {unknown}
 j - a scroll of identify {unknown}
 l - a scroll of amnesia {unknown}
 m - a scroll of fog {unknown}
 n - a scroll of teleportation {unknown}
Potions
 f - 2 potions of degeneration {unknown}
 h - 2 potions of curing {unknown}
 i - a potion of lignification {unknown}
 k - a potion of ambrosia {unknown}


   Skills:
 + Level 3.4 Fighting
 * Level 3.2 Axes
 + Level 2.8 Armour
 + Level 3.1 Shields


You had 3 spell levels left.
You didn't know any spells.
Your spell library contained the following spells:

 Spells                   Type           Power      Damage    Failure   Level
 Hailstorm                Conj/Ice       0%         3d3       99%         3
 Ice Form                 Ice/Tmut       0%         N/A       100%        4
 Simulacrum               Ice/Necr       0%         N/A       100%        6


Dungeon Overview and Level Annotations

Branches:
Dungeon (2/15)

Altars:

Annotations:
D:2 Sigmund


Innate Abilities, Weirdness & Mutations

Your serpentine skin is tough. (AC +1)
You have supernaturally acute eyesight. (SInv)
Armour fits poorly on your strangely shaped body.
Your system is resistant to poisons. (rPois)
You cover ground very slowly.
You can spit poison.
You have a snake-like lower body.


Message History

The hobgoblin hits you.
Unknown command.
You slash the hobgoblin!
You kill the hobgoblin!
Sigmund casts a spell at you.
You are confused.
Unknown command.
Sigmund hits you from afar with a +0 scythe.
Unknown command.
You bump into the rock wall.
Sigmund casts a spell at you. You resist with some effort.
Sigmund screams, "You will never...
NEVER!!!"
Sigmund barely misses you. Sigmund gestures at you while chanting.
The magic dart hits you!
Unknown command.
Sigmund attacks as you move away! Sigmund hits you but does no damage. x2
Unknown command.
You feel less confused. Sigmund barely misses you.
Sigmund says, "Now you see me, now you don't..."
Sigmund hits you with a +0 scythe.
You slash Sigmund!
Sigmund is heavily wounded.
You block Sigmund's attack.
Unknown command.
Unknown command.
You closely miss Sigmund.
Sigmund is heavily wounded.
You block Sigmund's attack.
Sigmund points at you and mumbles some strange words.
The puff of flame hits you!
* * * LOW HITPOINT WARNING * * *
Unknown command.
You closely miss Sigmund.
Sigmund is heavily wounded.
Sigmund points at you and mumbles some strange words.
You resist with some effort. Sigmund hits you with a +0 scythe!
You die...

..# ###.#####>...
..# #.......#
..### ###..####
....####...##
#....##..#.#
###..†...#.####
#.#.##......####
###...####.##....#
...>#..# #.#####@#
######.....# #@#
####.......<#
####.....# #......
##...... ........
##...?...#
#.......#


You could see Sigmund (fast, invisible).

Vanquished Creatures
  Natasha (D:2)
  A worm (D:2)
  2 dart slugs (D:1)
  5 ball pythons
  3 endoplasms (D:2)
  2 giant cockroaches
  4 goblins (D:1)
  5 hobgoblins
  8 jackals
  2 kobolds
  2 bats (D:1)
  3 frilled lizards (D:1)
  2 rats
40 creatures vanquished.

Vanquished Creatures (others)
  22 plants (D:2)
22 creatures vanquished.

Grand Total: 62 creatures vanquished

Notes
Turn   | Place    | Note
-------+----------+-------------------------------------------
     0 | D:1      | retardedninja the Naga Fighter began the quest for the Orb.
     0 | D:1      | Reached XP level 1. HP: 21/21 MP: 1/1
   113 | D:1      | Reached XP level 2. HP: 15/28 MP: 2/2
   429 | D:1      | Reached XP level 3. HP: 34/34 MP: 3/3
   938 | D:2      | Noticed Natasha
   939 | D:2      | Noticed Sigmund
   946 | D:2      | Killed Natasha
   947 | D:2      | Reached XP level 4. HP: 36/42 MP: 4/4
   956 | D:2      | Slain by Sigmund

Illustrated notes

Levels and vault maps discovered:
D:1:      grunt_arrival_crossed_arrows, layout_basic
D:2:      cheibrodos_pilgrimage, layout_rooms, serial_bayou_lake_a,
          uniq_sigmund, uniq_natasha

Skill      XL: |  1  2  3 |
---------------+----------+-----
Shields        | 3 |  3.1
Axes           | 3 |  3.2
Fighting       | |  3.4
Armour         | |  2.8

Action                     |  1- 3 |  4- 6 || total
---------------------------+-------+-------++-------
  Melee: War axe           |   102 |     5 ||   107
    Use: Potion            |     1 |       ||     1
 Armour: Scale mail        |    62 |     4 ||    66
  Dodge: Dodged            |    44 |     2 ||    46
  Block: Buckler           |    21 |     2 ||    23

Table legend: (Time is in decaauts)
 A = Elapsed time spent in this place.
 B = Non-inter-level travel time spent in this place.
 C = Inter-level travel time spent in this place.
 D = Time resting spent in this place.
 E = Time spent auto-exploring this place.
 F = Levels seen in this place.
 G = Mean time per level.
                   A        B        C        D        E       F      G
               +--------+--------+--------+--------+--------+-----+--------+
         Total |   1244 |   1169 |     75 |      0 |    879 |   2 |  622.0 |
       Dungeon |   1244 |   1169 |     75 |      0 |    879 |   2 |  622.0 |
               +--------+--------+--------+--------+--------+-----+--------+

Top non-repeatable levels by time:
     D:1: 917 daAuts
     D:2: 327 daAuts
